 Dungeon Crawl Stone Soup version bcrawl-1.15.1 (webtiles) character file.

Game seed: 833101387663436762

520 Kairok the Covert (level 7, -7/41 HPs)
             Began as a Vine Stalker Rogue on Sept 25, 2019.
             Was a Follower of Uskayaw.
             Killed from afar by an orc wizard (10 damage)
             ... with a puff of frost
             ... on level 4 of the Dungeon.
             The game lasted 00:05:24 (3076 turns).

Kairok the Covert (Vine Stalker Rogue)              Turns: 3076, Time: 00:05:25

Health: -7/41      AC:  7    Str: 13    XL:     7   Next: 21%
Magic:  18/18      EV: 10    Int: 11    God:    Uskayaw [*.....]
Gold:   187        SH:  0    Dex: 18    Spells: 6/6 levels left

rFire    . . .     SeeInvis .   a - +3 dagger
rCold    . . .     Gourm    .   (no shield)
rNeg     . . .     Faith    .   x - +0 scale mail
rPois    .         Spirit   .   (no helmet)
rElec    .         Reflect  .   d - +0 cloak
rCorr    .         Harm     .   (no gloves)
MR       .....     Rnd*Tele +   (no boots)
Stlth    +++.......             (no amulet)
HPRegen  0.53/turn              p - ring of magical power
MPRegen  0.16/turn              w - ring of teleportation (curse)

@: about to teleport
A: fangs 3, regeneration 1, no potion heal 3, rot immunity, strong jaws
a: Stomp, Renounce Religion


You were on level 4 of the Dungeon.
You worshipped Uskayaw.
Uskayaw was noncommittal.
You were very hungry.

You visited 1 branch of the dungeon, and saw 4 of its levels.

You collected 187 gold pieces.

Inventory:

Hand Weapons
 a - a +3 dagger (weapon)
 b - a +0 blowgun
Missiles
 e - 80 poisoned needles
Armour
 c - a +0 robe
 d - a +0 cloak (worn)
 o - a +0 ring mail
 q - a +0 leather armour
 x - a +0 scale mail (worn)
Jewellery
 p - a ring of magical power (left hand)
 w - a cursed ring of teleportation (right hand)
Wands
 f - a wand of flame (7)
 g - a wand of enslavement (15)
 t - a wand of random effects (10)
Scrolls
 n - a scroll of teleportation
 r - 3 scrolls of magic mapping
 v - 2 scrolls of identify
 y - a scroll of fear {unknown}
 A - a scroll of remove curse
Potions
 i - 3 potions of haste
 j - a potion of cancellation {unknown}
 k - a potion of might
 l - a potion of mutation {unknown}
 m - a potion of degeneration {unknown}
 s - 2 potions of lignification {unknown}
 u - a potion of heal wounds {unknown}
 z - a potion of curing {unknown}
 B - a potion of resistance {unknown}
 C - a potion of brilliance {unknown}
Comestibles
 h - 6 rations {!d}


   Skills:
 + Level 3.1 Fighting
 + Level 3.6 Short Blades
 + Level 2.0 Armour
 + Level 2.5 Dodging
 + Level 8.0 Stealth
 + Level 2.2 Evocations


You had 6 spell levels left.
You didn't know any spells.
Your spell library was empty.

Dungeon Overview and Level Annotations

Branches:
Dungeon (4/12)
 Temple: D:4-7

Altars:
Cheibriados
Elyvilon
Uskayaw
Wu Jian
Xom


Innate Abilities, Weirdness & Mutations

You have razor-sharp teeth.
Your natural rate of healing is unusually fast.
Potions cannot restore your health.
You are immune to rotting.
Your bites deal extra damage.


Message History

The orc priest calls down the wrath of Beogh upon you.
Beogh smites you!
Unknown command.
You hit something. Something hits you.
The orc priest calls down the wrath of Beogh upon you.
Beogh smites you!
* * * LOW HITPOINT WARNING * * *
You are feeling very hungry.
Something hits you.
* * * LOW HITPOINT WARNING * * *
Something hits you.
* * * LOW HITPOINT WARNING * * *
You can no longer pass through a line of other dancers.
Something hits you but does no damage.
As you read the scroll of teleportation, it crumbles to dust.
You feel strangely unstable.
You hear some strange, mumbled words.
A puff of frost appears from out of thin air!
The puff of frost hits you!
You die...

###o# l....#.......
#.#.# ######^.....(
#.#l## #..........
#.#..# #####.#####
#..#.# #)## ##o#.#
#))# #a#.#
#####)####
#.#.######.........
#.@.........#######
#......####.# #
#......####.### ###
#......##.....# #..
#......##....^####.
#.........._.......
##....###.....##..#
#....# #.....##...
#....# ###.####...


You could see a worker ant and an orc priest.

Vanquished Creatures
  Sigmund (D:2)
  An ogre (D:4)
  2 orc wizards (D:3)
  An orc priest (D:3)
  A worker ant (D:4)
  6 gnolls
  2 adders
  2 worms
  7 dart slugs
  3 leopard geckos
  7 orcs
  8 bats
  4 hobgoblins (D:1)
  7 jackals
  A quokka (D:2)
  A ball python (D:1)
  6 frilled lizards
  3 goblins
  6 kobolds
  A leopard gecko skeleton (D:4)
  3 rats (D:1)
73 creatures vanquished.

Notes
Turn   | Place    | Note
-------+----------+-------------------------------------------
     0 | D:1      | Kairok the Vine Stalker Rogue began the quest for the Orb.
     0 | D:1      | Reached XP level 1. HP: 12/12 MP: 3/3
    46 | D:1      | Reached skill level 6 in Stealth
   147 | D:1      | Reached XP level 2. HP: 17/17 MP: 4/4
   339 | D:1      | Reached XP level 3. HP: 18/21 MP: 5/5
   614 | D:2      | Found a hide-covered altar of Uskayaw.
   619 | D:2      | Reached skill level 7 in Stealth
   629 | D:2      | Reached skill level 1 in Dodging
   640 | D:2      | Became a worshipper of Uskayaw the Reveler
   907 | D:2      | Reached * piety under Uskayaw
   991 | D:2      | Found a snail-covered altar of Cheibriados.
  1007 | D:2      | Reached XP level 4. HP: 24/26 MP: 6/6
  1278 | D:2      | Reached ** piety under Uskayaw
  1593 | D:2      | Noticed Sigmund
  1600 | D:2      | Killed Sigmund
  1600 | D:2      | Reached XP level 5. HP: 32/32 MP: 7/7
  1600 | D:2      | Gained mutation: You have razor-sharp teeth. [Vine Stalker
                  | growth]
  1600 | D:2      | Reached XP level 6. HP: 37/37 MP: 8/8
  1650 | D:3      | Found a shimmering altar of Xom.
  2032 | D:3      | Reached skill level 1 in Armour
  2669 | D:4      | Reached skill level 8 in Stealth
  2669 | D:4      | Reached XP level 7. HP: 41/41 MP: 9/9
  2711 | D:4      | Found an ornate altar of the Wu Jian Council.
  2773 | D:4      | Reached *** piety under Uskayaw
  3045 | D:4      | Found a white marble altar of Elyvilon.
  3068 | D:4      | HP: 1/41 [orc priest/divine providence (14)]
  3073 | D:4      | HP: 1/41 [something (2)]
  3076 | D:4      | Killed from afar by an orc wizard

Skill      XL: |  1  2  3  4  5  6  7 |
---------------+----------------------+-----
Stealth        | 6 7 8 |  8.0
Short Blades   | 2 3 |  3.6
Fighting       | 2 3 |  3.1
Dodging        | 1 2 |  2.5
Evocations     | 2 |  2.2
Armour         | 1 2 |  2.0

Action                   |  1- 3 |  4- 6 |  7- 9 || total
-------------------------+-------+-------+-------++-------
Melee: Dagger            |   117 |   104 |    45 ||   266
       Bite              |    15 |    11 |     7 ||    33
Evoke: Wand              |     2 |     6 |       ||     8
  Use: Scroll            |     4 |     3 |     1 ||     8
       Potion            |     1 |       |       ||     1
 Stab: Sleeping          |     6 |     4 |       ||    10
       Distracted        |       |     1 |       ||     1
       Paralysed         |       |       |     1 ||     1
  Eat: Chunk             |       |     6 |       ||     6
Armor: Robe              |    42 |       |       ||    42
       Leather armour    |       |    19 |       ||    19
       Ring mail         |       |     6 |       ||     6
       Scale mail        |       |       |    13 ||    13
Dodge: Dodged            |    85 |    81 |    10 ||   176
